Bacon, neutral female human Monk ---- ---- --..-----------------------..------ --- ---- |.............................^...| ----.-- ---- |..-- ---.----------).---------.......---.----.....-- |..---...| ---...| ----).-- --....................---- ----...|....| |...--- |......-- ------.--...-----............-----......|.---- ---...| |....(..|--..|...|---.-----..............||.........| |...--- --......--.......| |...||...............---..---...---- ---.--- --..............-- ---%---...............||..|......|.-- ----|...| ---........--...-- |.............|.....-----..--.....| |..--.--- ---......||....| |.%..........----....--...---....-- --.....| --....---....| |%....^..........................| |>.^.--- --..........----....--.----.--.----..........<...| |@g[.)))%#%# --..........----.....---.---...------.........----- |..-*- |............................................-- |..-.##0 .--.|.........--.......-----.....-------.......| |..^| # |......................| # --.- |......-- |..-- .^......................#### ....| ---.|... ---- ----------- --.--.---- -...| ----.-- ------ ---- --- Bacon the Initiate Experience level: 9 Strength: 18/01 Dexterity: 14 Constitution: 10 Intelligence: 13 Wisdom: 11 Charisma: 8 Health: 0(53) Energy: 46(46) AC: 4 Gold: 929 Moves: 4203 Your Inventory: Coins $ - 929 gold pieces Weapons O - 7 [uncursed +0] arrows of detonation (in quiver) Armor a - an uncursed burnt +2 pair of leather gloves (being worn) b - an uncursed +2 robe (being worn) Comestibles f - 6 uncursed food rations g - 3 uncursed apples h - 6 uncursed oranges w - an [uncursed] tripe ration S - an [uncursed] lizard corpse Z - an uncursed partly eaten apple Scrolls n - an [uncursed] scroll called Enchant Weapon [of enchant weapon] P - an [uncursed] scroll of teleportation Spellbooks c - a blessed spellbook of sleep k - a [blessed] spellbook of detect unseen Potions s - an [uncursed] clear potion [of water] x - a [blessed] emerald potion [of polymorph] z - an [uncursed] yellow potion [of levitation] V - a [cursed] clear potion [of unholy water] W - a [cursed] brown potion [of gain level] Rings r - a [cursed -1] jet ring [of protection] K - an [uncursed +3] emerald ring [of gain strength] Q - an [uncursed +1] diamond ring [of increase damage] Wands A - an [uncursed] ebony wand [of secret door detection] (1:10) I - an [uncursed] wand of teleportation [0:5] Y - an [uncursed] wand of striking [0:3] Tools l - an [uncursed] looking glass [mirror] o - an [uncursed] key [skeleton key] u - an [uncursed] bag [sack] y - an [uncursed magic] whistle G - an [uncursed oil] lamp (0:96) L - an [uncursed] bag [sack] N - 4 [uncursed tallow] candles R - an [uncursed] key [skeleton key] U - an [uncursed] blindfold Gems e - an [uncursed] orange gem [worthless glass] i - an [uncursed] black gem [obsidian] j - 4 [uncursed] black gems [worthless glass] m - 3 [uncursed] yellowish brown gems [worthless glass] p - 5 [uncursed] violet gems [worthless glass] v - 3 [uncursed] green gems [worthless glass] C - an [uncursed] red gem [worthless glass] D - an [uncursed] white gem [worthless glass] H - an [uncursed] yellow gem [chrysoberyl] J - an [uncursed] yellowish brown gem [amber] M - 2 [uncursed] gray stones [flint] T - an [uncursed] red gem [ruby] Spells known in the end: Name Level Category Fail Memory a - sleep 1 enchantment 0% [|||||||.] b - detect unseen 3 divination 88% [||||||||] c - create familiar 6 clerical 88% [||||||||] Your skills at the end: Fighting Skills martial arts [Skilled / Grand Master] Weapon Skills Spellcasting Skills healing spells [Basic / Expert] Final Attributes: You were piously aligned. Hunger level was 826. Your alignment was 30 / 31. Monster difficulty range was 2 - 10. Level difficulty was 12. You were immune to sleep. You were immune to poison. You saw invisible. You were warned. You had automatic searching. You were stealthy. You were fast. Your luck was zero. You are dead. Vanquished creatures: a large mimic 3 dwarf kings a tengu a python a leather golem 2 crocodiles a quivering blob a gremlin a giant spider a black light a brown pudding 2 lizards a jaguar 2 dwarf lords a dust vortex an ape a fire ant a bugbear 2 rock piercers a fog cloud a shrieker a violet fungus 9 gnome lords 5 gnomish wizards a red naga hatchling a golden naga hatchling a barrow wight a straw golem a wax golem a little dog a kitten 16 dwarves a kobold lord 7 hill orcs a giant bat 2 gas spores 7 hobbits a large kobold a hobgoblin a cave spider a red mold 81 gnomes 5 geckos a jackal 4 goblins 5 grid bugs 2 bats a lichen a kobold zombie 4 newts 191 creatures vanquished. Voluntary challenges: You were an atheist. You were vegetarian. You used a wielded weapon 6 times. You read items or engraved 20 times. You put on armor 2 times. You never genocided any monsters. You never polymorphed an object. You never changed form. You used no wishes. You never wrote Elbereth's name. You never encountered a bones level. You never used any Sokoban shortcuts. Dungeon overview: The Dungeons of Doom: levels 1 to 4 Level 1 an altar to Chih Sung-tzu, a fountain a long staircase Level 2 a jewelry store, a sink Level 3 some fountains Level 4 a fountain stairs to The Gnomish Mines The Gnomish Mines: levels 5 to 13 Level 5 stairs to The Dungeons of Doom Level 7 a temple, a fountain Level 12 <- You were here History has recorded: On T:1 you entered the Dungeons of Doom to retrieve the Amulet of Yendor! On T:373 you reached level 2 of The Dungeons of Doom. On T:567 you advanced to experience level 2. On T:672 you advanced to experience level 3. On T:795 you reached level 3 of The Dungeons of Doom. On T:796 you reached level 4 of The Dungeons of Doom. On T:843 you advanced to experience level 4. On T:1287 you advanced to experience level 5. On T:1319 you reached level 1 of The Gnomish Mines. On T:1334 you advanced to experience level 6. On T:1565 you advanced to experience level 7. On T:1741 you reached level 2 of The Gnomish Mines. On T:2156 you reached level 3 of The Gnomish Mines. On T:2381 you reached level 4 of The Gnomish Mines. On T:2463 you advanced to experience level 8. On T:2751 you reached level 5 of The Gnomish Mines. On T:3160 you reached level 6 of The Gnomish Mines. On T:3215 you advanced to experience level 9. On T:3436 you reached level 7 of The Gnomish Mines. On T:3501 you reached level 9 of The Gnomish Mines. On T:3530 you reached level 8 of The Gnomish Mines. Latest messages: The gremlin hits! (2x) The gremlin bites! The gremlin hits! [HP-8=33] The gremlin hits! (2x) The gremlin bites! The gremlin hits! [HP-7=26] [HP+1=27] The gremlin hits! (2x) The gremlin bites! The gremlin misses. [HP-8=19] The gremlin hits! (2x) The gremlin bites! The gremlin misses. [HP-12=7] The gremlin hits! (2x) The gremlin just misses! The gremlin hits! [HP-6=1] The gremlin hits! You die... Final status: Punardarsanaya Bacon the Monk... You died in The Gnomish Mines on dungeon level 12 with 10957 points, and 929 pieces of gold, after 4203 moves. You were level 9 with a maximum of 53 hit points when you died.